Map: Tourmaline LE

Players

Flensaj

  • Race: Zerg Zerg
  • Spawn Location: 7:00

VOD

Have the link to the VOD?

Description

Time

  • Played on: Jan. 4, 2026, 11:13 p.m.
  • Length: 17:11
Show
View Real Time Build Order
Export as new Build Order

Flensaj Zerg 

Build Orders:  

Get SALT Encoding   

  12  0:00  Drone  
  13  0:18  Overlord  
  13  0:23  Drone  
  14  0:43  Drone  
  14  0:44  Drone  
  16  0:51  Drone  
  17  1:06  Drone  
  18  1:11  Extractor  
  17  1:23  Drone  
  18  1:41  Drone, Hatchery  
  18  1:48  Drone  
  19  1:57  Spawning Pool  
  18  2:04  Drone  
  19  2:18  Overlord  
  19  2:35  Drone  
  20  2:48  Drone  
  21  2:56  Extractor  
  20  3:03  Drone  
  20  3:05  Queen  
  23  3:18  Drone  
  24  3:25  Queen  
  26  3:33  Overlord  
  26  3:50  Drone x2  
  28  4:15  Queen  
  30  4:30  Zergling x6  
  30  4:32  Metabolic Boost  
  33  4:43  Zergling x4  
  33  4:44  Zergling x2  
  36  4:55  Zergling x2  
  37  5:24  Zergling x2  
  37  5:25  Zergling x4  
  37  5:26  Zergling x4  
  42  5:39  Overlord  
  42  6:01  Drone  
  43  6:18  Drone  
  44  6:25  Roach Warren  
  44  6:27  Lair  
  43  6:35  Zergling x6  
  46  6:54  Drone  
  47  7:02  Evolution Chamber  
  47  7:07  Drone  
  47  7:14  Drone x2  
  47  7:15  Drone  
  50  7:23  Drone x2  
  50  7:28  Overlord x4  
  50  7:29  Overlord  
  52  7:40  Evolution Chamber  
  52  7:42  Zerg Melee Weapons Level 1  
  52  7:48  Glial Reconstitution  
  51  7:50  Overseer  
  51  8:06  Drone x6  
  51  8:07  Drone x3  
  60  8:19  Zerg Ground Armor Level 1  
  60  8:23  Roach x3  
  66  8:30  Extractor  
  66  8:33  Drone  
  66  8:35  Extractor  
  66  8:36  Roach x2  
  66  8:37  Roach x2  
  73  9:06  Drone x2  
  73  9:07  Drone  
  76  9:13  Drone x3  
  79  9:20  Roach x3  
  85  9:37  Tunneling Claws  
  85  9:53  Roach  
  85  9:54  Roach x2  
  85  9:58  Overlord  
  85  9:59  Overlord x5  
  91  10:12  Drone  
  92  10:22  Zerg Missile Weapons Level 1  
  92  10:50  Hatchery  
  92  10:51  Roach x5  
  92  10:52  Roach x4  
  109  11:05  Hydralisk Den  
  109  11:08  Infestation Pit  
  107  11:20  Zerg Melee Weapons Level 2  
  107  11:47  Hydralisk x2  
  107  11:48  Hydralisk x5  
  107  11:49  Hydralisk x4  
  88  12:50  Roach x4  
  88  12:51  Roach x6  
  88  12:52  Roach x3  
  102  13:30  Hydralisk x9  
  102  13:31  Hydralisk  
  122  13:45  Drone x2  
  122  13:46  Drone  
  125  13:58  Extractor  
  124  14:04  Extractor  
  123  14:17  Queen  
  125  14:24  Roach x4  
  125  14:25  Roach x4  
  141  14:49  Hive  
  141  14:53  Roach x2  
  141  14:56  Overlord  
  141  14:57  Overlord x4  
  145  15:15  Unknown  
  153  15:45  Roach  
  153  15:46  Roach x6  
  130  16:27  Roach x5  
  130  16:28  Roach x6  
  130  16:29  Roach x2  
  95  16:30  Roach  
  79  16:45  Unknown  
Tags
 
Add a new tag
Caveats
  • Supply blocks, unpowered buildings, or Contaminate may cause inaccurate times.
  • Supply counts are checked every 10 seconds.